Senators vs Canadiens

Created - 3 octobre 2019 at 21:25

Simulating a Pre-Season

Goals
1 2 3 T
Senators 1 0 0 1
Canadiens 2 1 1 4
Shots
1 2 3 T
Senators 12 8 14 34
Canadiens 19 11 5 35

1st period

1. Canadiens , Cam Fowler 1 (John Tavares 1, Jakob Silfverberg 1) at 2:28 (PP)
2. Canadiens , Ilya Kovalchuk 1 (Auston Matthews 1, Josh Morrissey 2) at 5:51
3. Senators , Mark Stone 2 (Alex Goligoski 3) at 19:07

Penalties :
Adam Larsson (OTT) for High sticking (Minor) at 2:00

2nd period

4. Canadiens , Colin White 1 (Nate Schmidt 1, Auston Matthews 2) at 15:07

Penalties :
Josh Morrissey (MTL) for Hooking (Minor) at 3:57, Jakob Silfverberg (MTL) for Goalie Interference (Minor) at 19:33

3rd period

5. Canadiens , Marcus Johansson 1 (Jordan Eberle 2, Zack Smith 1) at 4:23

Penalties :
Ben Harpur (OTT) for High sticking (Minor) at 10:41, Michael Stone (MTL) for Roughing (Minor) at 18:14

Goalie Stats

Cam Talbot (OTT), 31 saves from 35 shots - (0.886), L, 1-2-0, 60:00 minutes
Laurent Brossoit (MTL), 33 saves from 34 shots - (0.971), W, 2-1-0, 60:00 minutes

Players Stats for Senators

Player Name              G  A  P  +/- PIM S  H  SB GA TA FO     MP     PP MP  PK MP  
------------------------------------------------------------------------------------
Adam Larsson             0  0  0   1  2   0  6  1  0  0  0/0    22:23   2:34   1:13 
Alex Goligoski           0  1  1   1  0   2  1  1  0  0  0/0    22:24   2:34   1:13 
Alexander Wennberg       0  0  0   0  0   3  0  0  0  0  13/23  19:31   3:16   0:00 
Andrew Shaw              0  0  0   0  0   3  3  0  0  0  2/3    19:31   3:16   0:00 
Andy Greene              0  0  0   0  0   0  1  2  0  0  0/0    23:25   3:09   1:14 
Ben Harpur               0  0  0  -3  2   0  2  0  0  0  0/0    14:10   0:00   0:00 
Blake Comeau             0  0  0  -2  0   1  4  0  0  0  1/3    12:17   0:00   1:17 
Chris Wagner             0  0  0   0  0   2  1  0  0  0  0/0     8:26   0:00   0:38 
Connor Brown             0  0  0   0  0   1  0  0  0  0  0/0     7:48   0:00   0:00 
Derek Ryan               0  0  0  -2  0   1  0  0  0  0  8/17   11:38   0:00   0:38 
Eric Staal               0  0  0   0  0   3  0  0  0  0  16/28  19:14   2:27   0:00 
Jakob Chychrun           0  0  0  -3  0   0  1  1  0  0  0/0    15:25   0:00   1:14 
Mark Stone               1  0  1   0  0   5  1  0  0  0  0/0    19:46   2:27   0:32 
Mike Green               0  0  0   0  0   4  1  2  0  0  0/0    22:11   3:09   0:00 
Patrick Kane             0  0  0   0  0   4  1  0  0  0  0/2    19:31   3:16   0:00 
Rickard Rakell           0  0  0  -2  0   3  0  0  0  0  1/1    11:00   0:00   0:00 
Valtteri Filppula        0  0  0   0  0   1  0  1  0  0  6/14    9:37   0:00   1:49 
Vladimir Tarasenko       0  0  0   0  0   1  1  0  0  0  0/1    19:14   2:27   0:00 

Players Stats for Canadiens

Player Name              G  A  P  +/- PIM S  H  SB GA TA FO     MP     PP MP  PK MP  
------------------------------------------------------------------------------------
Artturi Lehkonen         0  0  0   0  0   2  0  0  0  0  0/0     5:41   0:00   0:00 
Auston Matthews          0  2  2   2  0   5  1  0  0  0  11/24  19:11   0:56   3:29 
Cam Fowler               1  0  1   0  0   6  0  2  0  0  0/0    23:21   1:31   3:25 
Colin White              1  0  1   2  0   2  1  0  0  0  1/4    16:16   0:56   0:34 
Ilya Kovalchuk           1  0  1   2  0   1  0  0  0  0  1/1    15:42   0:56   0:00 
Ivan Provorov            0  0  0   0  0   1  3  0  0  0  0/0    23:12   1:31   3:16 
Jakob Silfverberg        0  1  1   0  2   0  0  0  0  0  2/6    20:36   1:31   1:40 
John Tavares             0  1  1   0  0   4  4  0  0  0  15/28  21:52   1:31   2:55 
Jordan Eberle            0  1  1   0  0   1  0  0  0  0  0/1    13:57   0:00   0:00 
Josh Morrissey           0  1  1   1  2   0  0  1  0  0  0/0    20:17   0:56   1:28 
Marcus Johansson         1  0  1   0  0   4  0  0  0  0  1/1    13:57   0:00   0:00 
Michael Stone            0  0  0   1  2   0  6  3  0  0  0/0    16:19   0:00   0:49 
Nate Schmidt             0  1  1   1  0   0  0  3  0  0  0/0    16:27   0:56   0:00 
Nick Shore               0  0  0   0  0   0  0  0  0  0  4/6     5:41   0:00   0:00 
Ron Hainsey              0  0  0   1  0   0  3  0  0  0  0/0    20:22   0:00   2:28 
Teuvo Teravainen         0  0  0   0  0   7  2  0  0  0  0/1    21:45   1:31   2:48 
Tyson Jost               0  0  0   0  0   1  0  0  0  0  0/0     5:41   0:00   0:00 
Zack Smith               0  1  1   0  0   1  2  1  0  0  10/20  13:57   0:00   0:00 

3 Stars

1 - Laurent Brossoit (MTL)
2 - Colin White (MTL)
3 - Auston Matthews (MTL)

Power Play

Senators - 0 on 3 Attempt(s) - 0.00%
Canadiens - 1 on 2 Attempt(s) - 50.00%

Penalty Kill

Senators - 1 on 2 Attempt(s) - 50.00% - Score 0 goal in Penalty Kill
Canadiens - 3 on 3 Attempt(s) - 100.00% - Score 0 goal in Penalty Kill

Team Stat

Senators - Hits : 23 - Faceoff Wins : 47 - Blocked Shots : 8 - Penalty Minutes : 4
Canadiens - Hits : 22 - Faceoff Wins : 45 - Blocked Shots : 10 - Penalty Minutes : 6

Official

Referees : Frederick L'Ecuyer and Jacob Brenk
Linesman : Mike Cvik and Derek Amell

Game Notes

No Game Note

% Time on Ice - Senators

Lines # - Real PCT - Wanted PCT - Time Play
Normal Forward
1 - 32% - 38% - 16:47
2 - 31% - 37% - 16:15
3 - 21% - 15% - 11:00
4 - 15% - 10% - 7:48
Normal Defense
1 - 37% - 38% - 19:02
2 - 36% - 37% - 18:37
3 - 17% - 15% - 8:36
4 - 11% - 10% - 5:35
PP Forward
1 - 43% - 60% - 2:27
2 - 57% - 40% - 3:16
PP Defense
1 - 55% - 60% - 3:09
2 - 45% - 40% - 2:34
PK Forward
1 - 74% - 60% - 1:49
2 - 26% - 40% - 0:38
PK Defense
1 - 50% - 60% - 1:13
2 - 50% - 40% - 1:14
PK3 Forward
1 - 0% - 60%
2 - 0% - 40%
PK3 Defense
1 - 0% - 60%
2 - 0% - 40%
44 Forward
1 - 0% - 50%
2 - 0% - 50%
44 Defense
1 - 0% - 50%
2 - 0% - 50%
Last Minute Offensive  - 0:00
Last Minute Defensive  - 0:00
Total
Forward - 60:00
Defense - 60:00

% Time on Ice - Canadiens

Lines # - Real PCT - Wanted PCT - Time Play
Normal Forward
1 - 34% - 35% - 17:26
2 - 28% - 30% - 14:46
3 - 27% - 25% - 13:57
4 - 11% - 10% - 5:41
Normal Defense
1 - 36% - 35% - 18:25
2 - 35% - 35% - 17:54
3 - 15% - 15% - 7:41
4 - 15% - 15% - 7:50
PP Forward
1 - 62% - 50% - 1:31
2 - 38% - 50% - 0:56
PP Defense
1 - 62% - 50% - 1:31
2 - 38% - 50% - 0:56
PK Forward
1 - 51% - 50% - 2:55
2 - 49% - 50% - 2:48
PK Defense
1 - 43% - 50% - 2:26
2 - 57% - 50% - 3:17
PK3 Forward
1 - 0% - 60%
2 - 0% - 40%
PK3 Defense
1 - 0% - 60%
2 - 0% - 40%
44 Forward
1 - 0% - 50%
2 - 0% - 50%
44 Defense
1 - 0% - 50%
2 - 0% - 50%
Last Minute Offensive  - 0:00
Last Minute Defensive  - 0:00
Total
Forward - 60:00
Defense - 60:00

Play-by-Play

1st period


0:01 of 1st period - Eric Staal wins face-off versus John Tavares in neutral zone.
0:40 of 1st period - Shot by Eric Staal.
0:40 of 1st period - Stopped by Laurent Brossoit without a rebound.
0:41 of 1st period - Auston Matthews wins face-off versus Alexander Wennberg in Canadiens zone.
0:41 of 1st period - Auston Matthews is hit by Andrew Shaw.
0:58 of 1st period - Ilya Kovalchuk is hit by Adam Larsson.
1:06 of 1st period - Shot by Colin White.
1:06 of 1st period - Shot Misses the Net.
1:08 of 1st period - Shot by Colin White.
1:08 of 1st period - Shot Misses the Net.
2:00 of 1st period - Minor Penalty to Adam Larsson for High sticking.
2:01 of 1st period - John Tavares wins face-off versus Blake Comeau in Senators zone.
2:08 of 1st period - Shot by John Tavares.
2:08 of 1st period - Stopped by Cam Talbot without a rebound.
2:09 of 1st period - John Tavares wins face-off versus Valtteri Filppula in Senators zone.
2:26 of 1st period - Shot by John Tavares.
2:26 of 1st period - Shot Misses the Net.
2:28 of 1st period - Shot by Cam Fowler.
2:28 of 1st period - The goal is going for a video replay.
2:28 of 1st period - The goal is good.
2:28 of 1st period - Goal by Cam Fowler - Senators : 0 - Canadiens : 1.
2:29 of 1st period - Nick Shore wins face-off versus Eric Staal in neutral zone.
2:50 of 1st period - Shot by Mark Stone.
2:50 of 1st period - Stopped by Laurent Brossoit with a rebound.
3:11 of 1st period - Off-side.
3:12 of 1st period - John Tavares wins face-off versus Derek Ryan in neutral zone.
3:48 of 1st period - Icing by Cam Fowler.
3:49 of 1st period - Valtteri Filppula wins face-off versus John Tavares in Canadiens zone.
4:46 of 1st period - Shot by Colin White.
4:46 of 1st period - Stopped by Cam Talbot without a rebound.
4:47 of 1st period - Zack Smith wins face-off versus Alexander Wennberg in Senators zone.
5:26 of 1st period - Icing by Nate Schmidt.
5:27 of 1st period - Eric Staal wins face-off versus Zack Smith in Canadiens zone.
5:27 of 1st period - Vladimir Tarasenko is hit by Michael Stone.
5:51 of 1st period - Shot by Auston Matthews.
5:51 of 1st period - Deflect By Ilya Kovalchuk.
5:51 of 1st period - Goal by Ilya Kovalchuk - Senators : 0 - Canadiens : 2.
5:52 of 1st period - Derek Ryan wins face-off versus John Tavares in neutral zone.
5:52 of 1st period - Derek Ryan is hit by Teuvo Teravainen.
6:02 of 1st period - Cam Fowler is hit by Adam Larsson and loses puck.
6:31 of 1st period - Shot by John Tavares.
6:31 of 1st period - Stopped by Cam Talbot with a rebound.
6:48 of 1st period - Josh Morrissey is hit by Adam Larsson and loses puck.
7:23 of 1st period - Shot by Eric Staal.
7:23 of 1st period - Shot Misses the Net.
7:41 of 1st period - Shot by Eric Staal.
7:41 of 1st period - Shot Misses the Net.
8:10 of 1st period - Shot by Patrick Kane.
8:10 of 1st period - Shot Blocked by Josh Morrissey.
8:14 of 1st period - Shot by Patrick Kane.
8:14 of 1st period - Deflect By Andrew Shaw.
8:14 of 1st period - Stopped by Laurent Brossoit without a rebound.
8:15 of 1st period - Valtteri Filppula wins face-off versus Zack Smith in Canadiens zone.
8:31 of 1st period - Connor Brown is hit by Michael Stone and loses puck.
9:14 of 1st period - Shot by Teuvo Teravainen.
9:14 of 1st period - Stopped by Cam Talbot without a rebound.
9:15 of 1st period - Nick Shore wins face-off versus Eric Staal in Senators zone.
9:26 of 1st period - Shot by Cam Fowler.
9:26 of 1st period - Stopped by Cam Talbot without a rebound.
9:27 of 1st period - Derek Ryan wins face-off versus John Tavares in Senators zone.
9:27 of 1st period - Derek Ryan is hit by John Tavares.
9:56 of 1st period - Shot by Teuvo Teravainen.
9:56 of 1st period - Shot Misses the Net.
10:01 of 1st period - Off-side.
10:02 of 1st period - Eric Staal wins face-off versus Jordan Eberle in neutral zone.
10:29 of 1st period - Shot by Marcus Johansson.
10:29 of 1st period - Stopped by Cam Talbot with a rebound.
10:31 of 1st period - Shot by Marcus Johansson.
10:31 of 1st period - Stopped by Cam Talbot without a rebound.
10:32 of 1st period - Alexander Wennberg wins face-off versus Nick Shore in Senators zone.
10:51 of 1st period - Shot by Alexander Wennberg.
10:51 of 1st period - Stopped by Laurent Brossoit without a rebound.
10:52 of 1st period - Valtteri Filppula wins face-off versus John Tavares in Canadiens zone.
10:59 of 1st period - Shot by Valtteri Filppula.
10:59 of 1st period - Stopped by Laurent Brossoit with a rebound.
11:30 of 1st period - Shot by Chris Wagner.
11:30 of 1st period - Stopped by Laurent Brossoit without a rebound.
11:31 of 1st period - Alexander Wennberg wins face-off versus Auston Matthews in Canadiens zone.
11:33 of 1st period - Andrew Shaw is hit by Ron Hainsey and loses puck.
12:36 of 1st period - Shot by Zack Smith.
12:36 of 1st period - Stopped by Cam Talbot without a rebound.
12:37 of 1st period - John Tavares wins face-off versus Eric Staal in Senators zone.
12:42 of 1st period - Shot by Teuvo Teravainen.
12:42 of 1st period - Stopped by Cam Talbot without a rebound.
12:43 of 1st period - Eric Staal wins face-off versus John Tavares in Senators zone.
12:53 of 1st period - Eric Staal is hit by Ivan Provorov and loses puck.
13:12 of 1st period - Shot by Mark Stone.
13:12 of 1st period - Shot Blocked by Cam Fowler.
13:14 of 1st period - Shot by Mark Stone.
13:14 of 1st period - Shot Misses the Net.
13:16 of 1st period - Shot by Vladimir Tarasenko.
13:16 of 1st period - Shot Misses the Net.
13:22 of 1st period - Shot by Mark Stone.
13:22 of 1st period - Shot Misses the Net.
13:24 of 1st period - Shot by Eric Staal.
13:24 of 1st period - Stopped by Laurent Brossoit without a rebound.
13:25 of 1st period - Blake Comeau wins face-off versus Zack Smith in Canadiens zone.
13:26 of 1st period - Shot by Rickard Rakell.
13:26 of 1st period - Stopped by Laurent Brossoit without a rebound.
13:27 of 1st period - Zack Smith wins face-off versus Derek Ryan in Canadiens zone.
13:45 of 1st period - Icing by Alex Goligoski.
13:46 of 1st period - Derek Ryan wins face-off versus Auston Matthews in Senators zone.
13:52 of 1st period - Off-side.
13:53 of 1st period - Eric Staal wins face-off versus Auston Matthews in neutral zone.
13:55 of 1st period - Off-side.
13:56 of 1st period - Eric Staal wins face-off versus Auston Matthews in neutral zone.
14:22 of 1st period - Shot by Colin White.
14:22 of 1st period - Shot Blocked by Mike Green.
14:26 of 1st period - Shot by Ilya Kovalchuk.
14:26 of 1st period - Shot Misses the Net.
15:20 of 1st period - Shot by Teuvo Teravainen.
15:20 of 1st period - Stopped by Cam Talbot with a rebound.
15:37 of 1st period - Icing by Michael Stone.
15:38 of 1st period - Derek Ryan wins face-off versus John Tavares in Canadiens zone.
15:53 of 1st period - Shot by Rickard Rakell.
15:53 of 1st period - Stopped by Laurent Brossoit with a rebound.
15:55 of 1st period - Shot by Alex Goligoski.
15:55 of 1st period - Deflect By Derek Ryan.
15:55 of 1st period - Shot Blocked by Michael Stone.
16:06 of 1st period - Shot by Alex Goligoski.
16:06 of 1st period - Stopped by Laurent Brossoit without a rebound.
16:07 of 1st period - Zack Smith wins face-off versus Valtteri Filppula in Canadiens zone.
16:25 of 1st period - Shot by Jordan Eberle.
16:25 of 1st period - Shot Misses the Net.
16:27 of 1st period - Shot by Zack Smith.
16:27 of 1st period - Shot Misses the Net.
16:45 of 1st period - Shot by Marcus Johansson.
16:45 of 1st period - Shot Misses the Net.
16:47 of 1st period - Shot by Zack Smith.
16:47 of 1st period - Shot Misses the Net.
16:49 of 1st period - Shot by Jordan Eberle.
16:49 of 1st period - Shot Misses the Net.
17:29 of 1st period - Shot by Artturi Lehkonen.
17:29 of 1st period - Stopped by Cam Talbot without a rebound.
17:30 of 1st period - Auston Matthews wins face-off versus Eric Staal in Senators zone.
17:49 of 1st period - Shot by Ilya Kovalchuk.
17:49 of 1st period - Shot Misses the Net.
17:51 of 1st period - Shot by Cam Fowler.
17:51 of 1st period - Stopped by Cam Talbot with a rebound.
17:53 of 1st period - Shot by Cam Fowler.
17:53 of 1st period - Stopped by Cam Talbot with a rebound.
17:55 of 1st period - Shot by Ivan Provorov.
17:55 of 1st period - Stopped by Cam Talbot without a rebound.
17:56 of 1st period - John Tavares wins face-off versus Patrick Kane in Senators zone.
18:29 of 1st period - Shot by John Tavares.
18:29 of 1st period - Deflect By Teuvo Teravainen.
18:29 of 1st period - Stopped by Cam Talbot with a rebound.
19:07 of 1st period - Shot by Mark Stone.
19:07 of 1st period - Goal by Mark Stone - Senators : 1 - Canadiens : 2.
19:08 of 1st period - Derek Ryan wins face-off versus Auston Matthews in neutral zone.
19:13 of 1st period - Shot by Rickard Rakell.
19:13 of 1st period - Stopped by Laurent Brossoit without a rebound.
19:14 of 1st period - Ilya Kovalchuk wins face-off versus Eric Staal in Canadiens zone.
19:27 of 1st period - Shot by Auston Matthews.
19:27 of 1st period - Stopped by Cam Talbot without a rebound.
19:28 of 1st period - Derek Ryan wins face-off versus Zack Smith in Senators zone.
19:46 of 1st period - Shot by Jordan Eberle.
19:46 of 1st period - Stopped by Cam Talbot without a rebound.
19:47 of 1st period - Eric Staal wins face-off versus Auston Matthews in Senators zone.
19:47 of 1st period - Eric Staal is hit by Colin White.
19:52 of 1st period - Vladimir Tarasenko is hit by Ivan Provorov and loses puck.
Goals for this period are 1 for Senators vs 2 for Canadiens.
Shots for this period are 12 for Senators vs 19 for Canadiens.

2nd period


0:01 of 2nd period - Alexander Wennberg wins face-off versus Colin White in neutral zone.
0:10 of 2nd period - Shot by Andrew Shaw.
0:10 of 2nd period - Shot Misses the Net.
0:19 of 2nd period - Colin White is hit by Alex Goligoski and loses puck.
0:26 of 2nd period - Shot by Colin White.
0:26 of 2nd period - Shot Blocked by Adam Larsson.
0:32 of 2nd period - Shot by Colin White.
0:32 of 2nd period - Shot Misses the Net.
0:34 of 2nd period - Shot by Ilya Kovalchuk.
0:34 of 2nd period - Shot Misses the Net.
1:28 of 2nd period - Shot by John Tavares.
1:28 of 2nd period - Deflect By Teuvo Teravainen.
1:28 of 2nd period - Stopped by Cam Talbot without a rebound.
1:29 of 2nd period - Rickard Rakell wins face-off versus Zack Smith in Senators zone.
1:49 of 2nd period - Derek Ryan is hit by Michael Stone.
1:56 of 2nd period - Rickard Rakell is hit by Michael Stone and loses puck.
2:07 of 2nd period - Shot by Jordan Eberle.
2:07 of 2nd period - Shot Misses the Net.
2:31 of 2nd period - Shot by Tyson Jost.
2:31 of 2nd period - Shot Misses the Net.
2:33 of 2nd period - Shot by Artturi Lehkonen.
2:33 of 2nd period - Stopped by Cam Talbot without a rebound.
2:34 of 2nd period - Eric Staal wins face-off versus Colin White in Senators zone.
3:16 of 2nd period - Colin White is hit by Andy Greene and loses puck.
3:38 of 2nd period - Icing by Jakob Silfverberg.
3:39 of 2nd period - Alexander Wennberg wins face-off versus John Tavares in Canadiens zone.
3:47 of 2nd period - Andrew Shaw is hit by Ron Hainsey and loses puck.
3:52 of 2nd period - Shot by Patrick Kane.
3:52 of 2nd period - Shot Misses the Net.
3:57 of 2nd period - Minor Penalty to Josh Morrissey for Hooking.
3:58 of 2nd period - John Tavares wins face-off versus Alexander Wennberg in Canadiens zone.
4:52 of 2nd period - Shot by John Tavares.
4:52 of 2nd period - Stopped by Cam Talbot with a rebound.
5:28 of 2nd period - Shot by Andrew Shaw.
5:28 of 2nd period - Stopped by Laurent Brossoit without a rebound.
5:29 of 2nd period - Jakob Silfverberg wins face-off versus Alexander Wennberg in Canadiens zone.
6:17 of 2nd period - Shot by Marcus Johansson.
6:17 of 2nd period - Shot Blocked by Jakob Chychrun.
7:10 of 2nd period - Icing by Mike Green.
7:11 of 2nd period - Valtteri Filppula wins face-off versus Auston Matthews in Senators zone.
7:11 of 2nd period - Valtteri Filppula is hit by Auston Matthews.
7:37 of 2nd period - Icing by Mike Green.
7:38 of 2nd period - John Tavares wins face-off versus Valtteri Filppula in Senators zone.
7:39 of 2nd period - Shot by Jakob Silfverberg.
7:39 of 2nd period - Shot Misses the Net.
7:43 of 2nd period - Shot by John Tavares.
7:43 of 2nd period - Stopped by Cam Talbot with a rebound.
8:09 of 2nd period - Shot by John Tavares.
8:09 of 2nd period - Shot Misses the Net.
8:11 of 2nd period - Shot by Jakob Silfverberg.
8:11 of 2nd period - Shot Blocked by Andy Greene.
8:13 of 2nd period - Shot by John Tavares.
8:13 of 2nd period - Shot Misses the Net.
8:28 of 2nd period - Connor Brown is hit by Zack Smith.
8:35 of 2nd period - Off-side.
8:36 of 2nd period - Auston Matthews wins face-off versus Andrew Shaw in neutral zone.
8:42 of 2nd period - Icing by Adam Larsson.
8:43 of 2nd period - Alexander Wennberg wins face-off versus Auston Matthews in Senators zone.
9:56 of 2nd period - Ivan Provorov is hit by Ben Harpur and loses puck.
10:11 of 2nd period - Shot by Vladimir Tarasenko.
10:11 of 2nd period - Stopped by Laurent Brossoit without a rebound.
10:12 of 2nd period - Zack Smith wins face-off versus Blake Comeau in Canadiens zone.
10:12 of 2nd period - Nate Schmidt is hit by Blake Comeau and loses puck.
10:17 of 2nd period - Shot by Rickard Rakell.
10:17 of 2nd period - Shot Misses the Net.
10:19 of 2nd period - Shot by Blake Comeau.
10:19 of 2nd period - Stopped by Laurent Brossoit without a rebound.
10:20 of 2nd period - John Tavares wins face-off versus Derek Ryan in Canadiens zone.
10:31 of 2nd period - Icing by Adam Larsson.
10:32 of 2nd period - Derek Ryan wins face-off versus Zack Smith in Senators zone.
11:02 of 2nd period - Rickard Rakell is hit by Michael Stone and loses puck.
11:32 of 2nd period - Patrick Kane is hit by John Tavares and loses puck.
11:37 of 2nd period - Andy Greene is hit by John Tavares and loses puck.
12:31 of 2nd period - Shot by Mark Stone.
12:31 of 2nd period - Shot Misses the Net.
12:37 of 2nd period - Shot by Mark Stone.
12:37 of 2nd period - Stopped by Laurent Brossoit without a rebound.
12:38 of 2nd period - Nick Shore wins face-off versus Derek Ryan in Canadiens zone.
12:47 of 2nd period - Shot by Tyson Jost.
12:47 of 2nd period - Stopped by Cam Talbot without a rebound.
12:48 of 2nd period - Colin White wins face-off versus Valtteri Filppula in Senators zone.
13:00 of 2nd period - Shot by Auston Matthews.
13:00 of 2nd period - Stopped by Cam Talbot with a rebound.
13:02 of 2nd period - Shot by Ilya Kovalchuk.
13:02 of 2nd period - Shot Blocked by Valtteri Filppula.
13:04 of 2nd period - Shot by Auston Matthews.
13:04 of 2nd period - Stopped by Cam Talbot without a rebound.
13:05 of 2nd period - Zack Smith wins face-off versus Eric Staal in Senators zone.
13:07 of 2nd period - Marcus Johansson is hit by Adam Larsson and loses puck.
13:12 of 2nd period - Shot by Jordan Eberle.
13:12 of 2nd period - Deflect By Marcus Johansson.
13:12 of 2nd period - Stopped by Cam Talbot without a rebound.
13:13 of 2nd period - Eric Staal wins face-off versus John Tavares in Senators zone.
13:24 of 2nd period - Shot by Teuvo Teravainen.
13:24 of 2nd period - Stopped by Cam Talbot without a rebound.
13:25 of 2nd period - Zack Smith wins face-off versus Alexander Wennberg in Senators zone.
13:34 of 2nd period - Shot by Alexander Wennberg.
13:34 of 2nd period - Stopped by Laurent Brossoit without a rebound.
13:35 of 2nd period - Eric Staal wins face-off versus John Tavares in Canadiens zone.
13:46 of 2nd period - Shot by Mark Stone.
13:46 of 2nd period - Stopped by Laurent Brossoit without a rebound.
13:47 of 2nd period - Andrew Shaw wins face-off versus Nick Shore in Canadiens zone.
13:47 of 2nd period - Patrick Kane is hit by Ivan Provorov and loses puck.
14:48 of 2nd period - Alex Goligoski is hit by Ron Hainsey and loses puck.
14:51 of 2nd period - Shot by Eric Staal.
14:51 of 2nd period - Stopped by Laurent Brossoit without a rebound.
14:52 of 2nd period - Auston Matthews wins face-off versus Derek Ryan in Canadiens zone.
15:07 of 2nd period - Shot by Colin White.
15:07 of 2nd period - Goal by Colin White - Senators : 1 - Canadiens : 3.
15:08 of 2nd period - Jakob Silfverberg wins face-off versus Vladimir Tarasenko in neutral zone.
16:20 of 2nd period - Shot by Patrick Kane.
16:20 of 2nd period - Deflect By Alexander Wennberg.
16:20 of 2nd period - Shot Blocked by Zack Smith.
16:23 of 2nd period - Icing by Michael Stone.
16:24 of 2nd period - Alexander Wennberg wins face-off versus Zack Smith in Canadiens zone.
16:27 of 2nd period - Shot by Patrick Kane.
16:27 of 2nd period - Stopped by Laurent Brossoit without a rebound.
16:28 of 2nd period - Alexander Wennberg wins face-off versus Colin White in Canadiens zone.
16:51 of 2nd period - Icing by Cam Fowler.
16:52 of 2nd period - Auston Matthews wins face-off versus Derek Ryan in Canadiens zone.
16:52 of 2nd period - Auston Matthews is hit by Blake Comeau.
16:55 of 2nd period - Cam Fowler is hit by Blake Comeau and loses puck.
17:21 of 2nd period - Off-side.
17:22 of 2nd period - John Tavares wins face-off versus Alexander Wennberg in neutral zone.
17:25 of 2nd period - Shot by Teuvo Teravainen.
17:25 of 2nd period - Stopped by Cam Talbot without a rebound.
17:26 of 2nd period - Eric Staal wins face-off versus Teuvo Teravainen in Senators zone.
17:54 of 2nd period - John Tavares is hit by Adam Larsson and loses puck.
18:05 of 2nd period - Teuvo Teravainen is hit by Adam Larsson and loses puck.
18:11 of 2nd period - Icing by Alex Goligoski.
18:12 of 2nd period - Zack Smith wins face-off versus Eric Staal in Senators zone.
19:04 of 2nd period - Icing by Cam Fowler.
19:05 of 2nd period - Derek Ryan wins face-off versus Auston Matthews in Canadiens zone.
19:24 of 2nd period - Off-side.
19:25 of 2nd period - John Tavares wins face-off versus Alexander Wennberg in neutral zone.
19:33 of 2nd period - Minor Penalty to Jakob Silfverberg for Goalie Interference.
19:34 of 2nd period - John Tavares wins face-off versus Alexander Wennberg in Canadiens zone.
19:50 of 2nd period - Icing by Andy Greene.
19:51 of 2nd period - Andrew Shaw wins face-off versus Auston Matthews in Senators zone.
Goals for this period are 0 for Senators vs 1 for Canadiens.
Shots for this period are 8 for Senators vs 11 for Canadiens.

3rd period


0:01 of 3rd period - Eric Staal wins face-off versus John Tavares in neutral zone.
0:34 of 3rd period - Shot by Mike Green.
0:34 of 3rd period - Stopped by Laurent Brossoit with a rebound.
1:20 of 3rd period - Shot by Alex Goligoski.
1:20 of 3rd period - Stopped by Laurent Brossoit without a rebound.
1:21 of 3rd period - Alexander Wennberg wins face-off versus Auston Matthews in Canadiens zone.
1:26 of 3rd period - Shot by Alex Goligoski.
1:26 of 3rd period - Shot Misses the Net.
1:28 of 3rd period - Shot by Alexander Wennberg.
1:28 of 3rd period - Shot Misses the Net.
1:47 of 3rd period - Off-side.
1:48 of 3rd period - Marcus Johansson wins face-off versus Valtteri Filppula in neutral zone.
2:35 of 3rd period - Shot by Patrick Kane.
2:35 of 3rd period - Stopped by Laurent Brossoit without a rebound.
2:36 of 3rd period - Alexander Wennberg wins face-off versus Jakob Silfverberg in Canadiens zone.
2:43 of 3rd period - Shot by Patrick Kane.
2:43 of 3rd period - Shot Blocked by Cam Fowler.
3:10 of 3rd period - Off-side.
3:11 of 3rd period - Auston Matthews wins face-off versus Eric Staal in neutral zone.
4:23 of 3rd period - Shot by Jordan Eberle.
4:23 of 3rd period - Deflect By Marcus Johansson.
4:23 of 3rd period - Goal by Marcus Johansson - Senators : 1 - Canadiens : 4.
4:24 of 3rd period - John Tavares wins face-off versus Patrick Kane in neutral zone.
4:38 of 3rd period - Shot by Jakob Silfverberg.
4:38 of 3rd period - Shot Blocked by Alex Goligoski.
4:44 of 3rd period - Shot by Cam Fowler.
4:44 of 3rd period - Stopped by Cam Talbot without a rebound.
4:45 of 3rd period - Nick Shore wins face-off versus Derek Ryan in Senators zone.
5:43 of 3rd period - Off-side.
5:44 of 3rd period - Alexander Wennberg wins face-off versus Auston Matthews in neutral zone.
5:47 of 3rd period - Colin White is hit by Andrew Shaw and loses puck.
6:02 of 3rd period - Shot by Andrew Shaw.
6:02 of 3rd period - Shot Misses the Net.
6:04 of 3rd period - Shot by Andrew Shaw.
6:04 of 3rd period - Shot Misses the Net.
6:18 of 3rd period - Shot by Alexander Wennberg.
6:18 of 3rd period - Stopped by Laurent Brossoit without a rebound.
6:19 of 3rd period - John Tavares wins face-off versus Eric Staal in Canadiens zone.
6:19 of 3rd period - John Tavares is hit by Mark Stone.
6:25 of 3rd period - Andy Greene is hit by Teuvo Teravainen and loses puck.
8:14 of 3rd period - Shot by Alexander Wennberg.
8:14 of 3rd period - Shot Misses the Net.
8:16 of 3rd period - Shot by Andrew Shaw.
8:16 of 3rd period - Stopped by Laurent Brossoit without a rebound.
8:17 of 3rd period - Auston Matthews wins face-off versus Derek Ryan in Canadiens zone.
8:36 of 3rd period - Shot by Auston Matthews.
8:36 of 3rd period - Stopped by Cam Talbot without a rebound.
8:37 of 3rd period - Eric Staal wins face-off versus Zack Smith in Senators zone.
8:37 of 3rd period - Eric Staal is hit by Zack Smith.
8:56 of 3rd period - Shot by Vladimir Tarasenko.
8:56 of 3rd period - Shot Blocked by Nate Schmidt.
8:58 of 3rd period - Shot by Alex Goligoski.
8:58 of 3rd period - Shot Blocked by Nate Schmidt.
9:00 of 3rd period - Shot by Mark Stone.
9:00 of 3rd period - Stopped by Laurent Brossoit with a rebound.
9:02 of 3rd period - Shot by Vladimir Tarasenko.
9:02 of 3rd period - Shot Blocked by Nate Schmidt.
9:46 of 3rd period - Shot by Patrick Kane.
9:46 of 3rd period - Stopped by Laurent Brossoit without a rebound.
9:47 of 3rd period - Auston Matthews wins face-off versus Derek Ryan in Canadiens zone.
9:47 of 3rd period - Ron Hainsey is hit by Blake Comeau and loses puck.
10:18 of 3rd period - Shot by Colin White.
10:18 of 3rd period - Shot Hit the Post.
10:23 of 3rd period - Auston Matthews is hit by Ben Harpur and loses puck.
10:28 of 3rd period - Shot by Colin White.
10:28 of 3rd period - Shot Misses the Net.
10:41 of 3rd period - Minor Penalty to Ben Harpur for High sticking.
10:42 of 3rd period - Valtteri Filppula wins face-off versus John Tavares in Senators zone.
10:42 of 3rd period - Valtteri Filppula is hit by John Tavares.
10:52 of 3rd period - Shot by Cam Fowler.
10:52 of 3rd period - Shot Misses the Net.
10:54 of 3rd period - Shot by Cam Fowler.
10:54 of 3rd period - Stopped by Cam Talbot without a rebound.
10:55 of 3rd period - Auston Matthews wins face-off versus Valtteri Filppula in Senators zone.
11:06 of 3rd period - Shot by Nate Schmidt.
11:06 of 3rd period - Shot Misses the Net.
11:08 of 3rd period - Shot by Colin White.
11:08 of 3rd period - Shot Misses the Net.
11:18 of 3rd period - Shot by Auston Matthews.
11:18 of 3rd period - Stopped by Cam Talbot without a rebound.
11:19 of 3rd period - John Tavares wins face-off versus Valtteri Filppula in Senators zone.
12:45 of 3rd period - Icing by Zack Smith.
12:46 of 3rd period - Zack Smith wins face-off versus Alexander Wennberg in Canadiens zone.
14:04 of 3rd period - Nick Shore is hit by Mike Green and loses puck.
14:30 of 3rd period - Shot by Jakob Silfverberg.
14:30 of 3rd period - Shot Blocked by Mike Green.
14:32 of 3rd period - Shot by Teuvo Teravainen.
14:32 of 3rd period - Shot Blocked by Andy Greene.
15:07 of 3rd period - John Tavares is hit by Vladimir Tarasenko.
15:16 of 3rd period - Off-side.
15:17 of 3rd period - Valtteri Filppula wins face-off versus Auston Matthews in neutral zone.
15:23 of 3rd period - Icing by Nate Schmidt.
15:24 of 3rd period - Auston Matthews wins face-off versus Valtteri Filppula in Canadiens zone.
15:24 of 3rd period - Auston Matthews is hit by Chris Wagner.
15:29 of 3rd period - Colin White is hit by Jakob Chychrun and loses puck.
15:40 of 3rd period - Shot by Connor Brown.
15:40 of 3rd period - Deflect By Chris Wagner.
15:40 of 3rd period - Stopped by Laurent Brossoit with a rebound.
15:42 of 3rd period - Shot by Jakob Chychrun.
15:42 of 3rd period - Shot Blocked by Michael Stone.
15:44 of 3rd period - Shot by Valtteri Filppula.
15:44 of 3rd period - Shot Blocked by Michael Stone.
15:54 of 3rd period - Shot by Connor Brown.
15:54 of 3rd period - Stopped by Laurent Brossoit without a rebound.
15:55 of 3rd period - Zack Smith wins face-off versus Eric Staal in Canadiens zone.
16:03 of 3rd period - Icing by Josh Morrissey.
16:04 of 3rd period - Zack Smith wins face-off versus Eric Staal in Canadiens zone.
16:12 of 3rd period - Icing by Josh Morrissey.
16:13 of 3rd period - Eric Staal wins face-off versus Zack Smith in Canadiens zone.
16:19 of 3rd period - Icing by Josh Morrissey.
16:20 of 3rd period - Eric Staal wins face-off versus Zack Smith in Canadiens zone.
16:47 of 3rd period - Shot by Marcus Johansson.
16:47 of 3rd period - Shot Misses the Net.
17:37 of 3rd period - Shot by Teuvo Teravainen.
17:37 of 3rd period - Shot Misses the Net.
17:52 of 3rd period - Shot by Derek Ryan.
17:52 of 3rd period - Shot Misses the Net.
17:54 of 3rd period - Shot by Blake Comeau.
17:54 of 3rd period - Shot Misses the Net.
17:56 of 3rd period - Shot by Derek Ryan.
17:56 of 3rd period - Deflect By Rickard Rakell.
17:56 of 3rd period - Shot Misses the Net.
17:58 of 3rd period - Shot by Derek Ryan.
17:58 of 3rd period - Stopped by Laurent Brossoit without a rebound.
17:59 of 3rd period - Auston Matthews wins face-off versus Alexander Wennberg in Canadiens zone.
17:59 of 3rd period - Auston Matthews is hit by Andrew Shaw.
18:13 of 3rd period - Mike Green is hit by Michael Stone and loses puck.
18:14 of 3rd period - Minor Penalty to Michael Stone for Roughing.
18:15 of 3rd period - Alexander Wennberg wins face-off versus John Tavares in Canadiens zone.
18:19 of 3rd period - Shot by Andy Greene.
18:19 of 3rd period - Shot Misses the Net.
18:47 of 3rd period - Shot by Patrick Kane.
18:47 of 3rd period - Shot Misses the Net.
18:49 of 3rd period - Shot by Mike Green.
18:49 of 3rd period - Stopped by Laurent Brossoit without a rebound.
18:50 of 3rd period - John Tavares wins face-off versus Eric Staal in Canadiens zone.
19:37 of 3rd period - Cam Fowler is hit by Patrick Kane and loses puck.
19:44 of 3rd period - Shot by Patrick Kane.
19:44 of 3rd period - Stopped by Laurent Brossoit without a rebound.
19:45 of 3rd period - Alexander Wennberg wins face-off versus Jakob Silfverberg in Canadiens zone.
19:48 of 3rd period - Shot by Mike Green.
19:48 of 3rd period - Stopped by Laurent Brossoit without a rebound.
19:49 of 3rd period - Alexander Wennberg wins face-off versus Jakob Silfverberg in Canadiens zone.
19:54 of 3rd period - Shot by Mike Green.
19:54 of 3rd period - Stopped by Laurent Brossoit without a rebound.
19:55 of 3rd period - Eric Staal wins face-off versus Jakob Silfverberg in Canadiens zone.
Goals for this period are 0 for Senators vs 1 for Canadiens.
Shots for this period are 14 for Senators vs 5 for Canadiens.